 Dungeon Sprint DCSS version 0.19.1-1-g22dce08 (webtiles) character file.

1236 snakesoliden the Impaler (level 8, -10/58 HPs)
             Began as a Merfolk Monk on Dec 29, 2016.
             Was a Believer of Nemelex Xobeh.
             Mangled by a centaur warrior
             ... wielding a +2 falchion of holy wrath
              (12 damage)
             ... in the Dungeon (Sprint I: "Red Sonja").
             The game lasted 00:04:22 (787 turns).

snakesoliden the Impaler (Merfolk Monk)              Turns: 787, Time: 00:04:23

Health: -10/58     AC:  2    Str: 12    XL:     8   Next: 49%
Magic:  8/8        EV: 23    Int:  9    God:    Nemelex Xobeh [**....]
Gold:   425        SH:  0    Dex: 18    Spells: 0 memorised, 7 levels left

rFire  . . .     SeeInvis .     f - +0 scythe
rCold  . . .     Gourm    .     b - +0 robe
rNeg   . . .     Faith    .     (shield currently unavailable)
rPois  .         Spirit   .     (no helmet)
rElec  .         Reflect  .     (no cloak)
rCorr  .         Harm     .     (no gloves)
MR     .....     NoTele   +     (no boots)
Stlth  ++........               (no amulet)
                                (no ring)
                                (no ring)

@: no status effects
A: change form in water, swift swim, stealthy swim
a: Renounce Religion


You were in the Dungeon.
You worshipped Nemelex Xobeh.
Nemelex Xobeh was pleased with you.
You were not hungry.

You visited 1 branch You collected 425 gold pieces.

Inventory:

Hand Weapons
 a - a +0 spear
 f - a +0 scythe (weapon)
Armour
 b - a +0 robe (worn)
Scrolls
 i - a scroll of blinking
Potions
 d - a potion of curing
 e - a potion of might {unknown}
 g - 2 potions of magic
Miscellaneous
 j - a plain deck of destruction {drawn: 1}
 k - a plain deck of destruction
Comestibles
 c - a bread ration
 h - 2 fruits


   Skills:
 - Level 3.2 Fighting
 * Level 19.4 Polearms
 * Level 13.8 Dodging
 - Level 2.1 Stealth


You had 7 spell levels left.
You didn't know any spells.

Dungeon Overview and Level Annotations

Branches:
Dungeon (1/1)

Altars:
Cheibriados
Dithmenos
Elyvilon
Fedhas
Gozag
Hepliaklqana
Kikubaaqudgha
Makhleb
Nemelex Xobeh
Okawaru
Qazlal
Ru
Sif Muna
Trog
Uskayaw
Vehumet
Xom
Yredelemnul
Zin
The Shining One
Jiyva
Lugonu

Shops:
D :


Message History

You are no longer poisoned.
You start resting.
A centaur warrior comes into view.
It is wielding a falchion of holy wrath.
There's something blocking the doorway.
The centaur warrior shouts!
The centaur warrior unwields an uncursed falchion of holy wrath.
It stops glowing.
The centaur warrior wields a longbow.
The centaur warrior shoots an arrow.
The arrow hits you!
* * * LOW HITPOINT WARNING * * *
There is an open door, spattered with blood here.
Items here: ( )) [[ an arrow; a dagger; a robe; a dagger; a robe You start resting.
A centaur warrior is nearby!
The centaur warrior unwields an uncursed longbow.
The centaur warrior wields an uncursed falchion of holy wrath.
It softly glows with a divine radiance!
The centaur warrior hits you with an uncursed falchion of holy wrath!
You die...
Your body disappears without a glow.

####################
').#.['..#__#..c...#
#..'..#..'..'..#@..#
##'#####c#__####...+
#..#...#.#### #####
####..##.#
___##'#..+
∩...'..._#
.__##_.#'#
___###+#.# #### ###


You could see a centaur warrior.

Vanquished Creatures
  A kobold demonologist (D)
  A slime creature (D)
  Sigmund (D)
  A yak (D)
  A floating eye (D)
  An ogre (D)
  A jelly (D)
  Ijyb (D)
8 creatures vanquished.

Vanquished Creatures (collateral kills)
  A kobold demonologist (D)
1 creature vanquished.

Vanquished Creatures (others)
  A gargoyle (D)
1 creature vanquished.

Grand Total: 10 creatures vanquished

Notes
Turn   | Place    | Note
-------+----------+-------------------------------------------
     0 | D        | snakesoliden the Merfolk Monk began the quest for the Orb.
     0 | D        | Reached XP level 1. HP: 18/18 MP: 1/1
     2 | D        | Noticed Ijyb
    14 | D        | Killed Ijyb
    14 | D        | Reached skill level 7 in Polearms
    14 | D        | Reached XP level 2. HP: 9/24 MP: 2/2
    14 | D        | Reached XP level 3. HP: 10/29 MP: 3/3
   218 | D        | Noticed an ogre
   236 | D        | Killed an ogre
   236 | D        | Reached skill level 10 in Polearms
   236 | D        | Reached XP level 4. HP: 18/35 MP: 4/4
   405 | D        | Noticed Sigmund
   406 | D        | Killed a gargoyle
   413 | D        | Killed Sigmund
   413 | D        | Reached skill level 13 in Polearms
   413 | D        | Reached XP level 5. HP: 41/41 MP: 5/5
   413 | D        | Reached XP level 6. HP: 47/47 MP: 6/6
   444 | D        | Found a burning altar of Makhleb.
   444 | D        | Found a viscous altar of Jiyva.
   444 | D        | Found a shimmering altar of Xom.
   444 | D        | Found a corrupted altar of Lugonu.
   444 | D        | Noticed a slime creature
   461 | D        | Killed a slime creature
   461 | D        | Reached skill level 15 in Polearms
   461 | D        | Reached XP level 7. HP: 35/52 MP: 7/7
   560 | D        | Found a deep blue altar of Sif Muna.
   562 | D        | Found a radiant altar of Vehumet.
   613 | D        | Found Zuomyclo's Book Emporium.
   613 | D        | Found an ancient bone altar of Kikubaaqudgha.
   613 | D        | Found a hazy altar of Hepliaklqana.
   613 | D        | Found a stormy altar of Qazlal.
   613 | D        | Found a hide-covered altar of Uskayaw.
   613 | D        | Found a blossoming altar of Fedhas.
   613 | D        | Found a bloodstained altar of Trog.
   613 | D        | Found an iron altar of Okawaru.
   613 | D        | Found a basalt altar of Yredelemnul.
   613 | D        | Found a glowing golden altar of the Shining One.
   613 | D        | Found a snail-covered altar of Cheibriados.
   613 | D        | Found a sacrificial altar of Ru.
   613 | D        | Found a glowing silver altar of Zin.
   613 | D        | Found a shadowy altar of Dithmenos.
   613 | D        | Found a white marble altar of Elyvilon.
   613 | D        | Noticed a yak
   614 | D        | Found an opulent altar of Gozag.
   616 | D        | Killed a yak
   616 | D        | Reached skill level 16 in Polearms
   617 | D        | Found a sparkling altar of Nemelex Xobeh.
   624 | D        | Became a worshipper of Nemelex Xobeh the Trickster
   624 | D        | Received a gift from Nemelex Xobeh
   624 | D        | Reached * piety under Nemelex Xobeh
   624 | D        | Received a gift from Nemelex Xobeh
   624 | D        | Reached ** piety under Nemelex Xobeh
   725 | D        | Noticed a kobold demonologist
   726 | D        | Noticed a kobold demonologist
   727 | D        | Noticed a ynoxinul
   729 | D        | Paralysed by a floating eye for 2 turns
   731 | D        | Reached skill level 17 in Polearms
   733 | D        | Noticed an orange demon
   734 | D        | Noticed a ynoxinul
   738 | D        | Killed a kobold demonologist
   738 | D        | Reached skill level 18 in Polearms
   738 | D        | Reached XP level 8. HP: 19/58 MP: 8/8
   741 | D        | Killed a kobold demonologist
   741 | D        | Reached skill level 19 in Polearms
   780 | D        | Noticed a centaur warrior
   781 | D        | HP: 1/58 [centaur warrior/arrow (7)]
   787 | D        | Mangled by a centaur warrior

Skill      XL: |  1  2  3  4  5  6  7  8 |
---------------+-------------------------+-----
Polearms       | 7 10 13 15 18 19 | 19.4
Dodging        | 6 8 11 12 13 | 13.8
Fighting       | |  3.2
Stealth        | |  2.1

Action                   |  1- 3 |  4- 6 |  7- 9 || total
-------------------------+-------+-------+-------++-------
Melee: Spear             |    29 |     6 |       ||    35
       Scythe            |       |    13 |    17 ||    30
Evoke: Deck              |       |       |     1 ||     1
  Use: Potion            |     1 |     2 |       ||     3
 Stab: Sleeping          |       |       |     1 ||     1
Dodge: Dodged            |    10 |    14 |    14 ||    38
